 Dungeon Crawl Stone Soup version 0.24.0-125-gc4c63601f3 (webtiles) character file.

Game seed: 16146802701121678698, levelgen mode: deterministic

111 Lemonice the Caller (level 4, -1/33 HPs)
             Began as a Barachi Summoner on Feb 21, 2020.
             Slain by a troll (shapeshifter) (7 damage)
             ... on level 3 of the Dungeon.
             The game lasted 00:06:03 (2251 turns).

Lemonice the Caller (Barachi Summoner)              Turns: 2251, Time: 00:06:04

Health: -1/33      AC:  3    Str:  9    XL:     4   Next: 92%
Magic:  8/8        EV: 13    Int: 17    God:
Gold:   79         SH:  0    Dex: 12    Spells: 3/9 levels left

rFire    . . .     SeeInvis +   k - +3 quarterstaff (chaos)
rCold    . . .     Gourm    .   (shield currently unavailable)
rNeg     . . .     Faith    .   a - +0 robe
rPois    +         Spirit   .   (no helmet)
rElec    .         Reflect  .   l - +0 cloak
rCorr    .         Harm     .   (no gloves)
MR       .....                  (no boots)
Stlth    ++........             (no amulet)
HPRegen  0.11/turn              f - ring of poison resistance
MPRegen  0.11/turn              i - ring of see invisible

@: slow
A: +LOS, swims, slowness 1, strong legs 1
a: Hop


You were on level 3 of the Dungeon.
You were hungry.

You visited 1 branch of the dungeon, and saw 3 of its levels.

You collected 79 gold pieces.

Inventory:

Hand Weapons
 d - a +0 short sword
 k - a +3 quarterstaff of chaos (weapon)
Armour
 a - a +0 robe (worn)
 l - a +0 cloak (worn)
Jewellery
 f - a ring of poison resistance (left hand)
 g - an uncursed ring of protection from fire
 i - a ring of see invisible (right hand)
Scrolls
 e - 2 scrolls of teleportation {unknown}
 h - 2 scrolls of enchant armour {unknown}
 j - 2 scrolls of fog {unknown}
 m - a scroll of remove curse {unknown}
 n - a scroll of noise {unknown}
Potions
 b - 2 potions of curing {unknown}
 o - 2 potions of mutation {unknown}
Comestibles
 c - 5 rations


   Skills:
 + Level 2.2 Fighting
 + Level 3.1 Dodging
 - Level 1.7 Stealth
 - Level 0.2 Unarmed Combat
 + Level 3.1 Spellcasting
 + Level 5.6 Summonings


You had 3 spell levels left.
You knew the following spells:

 Your Spells              Type           Power        Failure   Level  Hunger
a - Summon Small Mammal   Summ           ###.         1%          1    None
b - Call Imp              Summ           ###.....     2%          2    ##.....
c - Call Canine Familiar  Summ           ###.....     4%          3    ###....

Your spell library contained the following spells:

 Spells                   Type           Power        Failure   Level  Hunger
 Summon Guardian Golem    Hex/Summ       ##......     16%         3    ###....
 Magic Dart               Conj           #...         17%         1    None
 Blink                    Tloc           N/A          26%         2    ##.....
 Slow                     Hex            #.......     26%         2    ##.....
 Conjure Flame            Conj/Fire      #.......     45%         3    ###....
 Mephitic Cloud           Conj/Pois/Air  #.......     45%         3    ###....
 Summon Ice Beast         Ice/Summ       ##......     47%         4    ####...
 Summon Lightning Spire   Summ/Air       ##......     47%         4    ####...


Dungeon Overview and Level Annotations

Branches:
Dungeon (3/15)

Altars:


Innate Abilities, Weirdness & Mutations

Shadows flee at your approach. (+LOS)
You can swim through water.
You cover ground slowly.
You can hop short distances.


Message History

The orc misses you. The orc closely misses you.
You hit the orc but do no damage.
The orc is heavily wounded.
The orc closely misses you.
You closely miss the orc.
The orc is almost dead.
You kill the orc!
You hit the kobold but do no damage.
The kobold changes into a shapeshifter!
The shapeshifter changes into a troll!
You completely miss the troll. The troll barely misses you.
The troll claws you! The troll claws you.
You hit the troll but do no damage. The troll misses you. The troll claws you.
* * * LOW HITPOINT WARNING * * *
The troll closely misses you.
You hit the troll.
The troll is lightly wounded.
The troll bites you.
* * * LOW HITPOINT WARNING * * *
The troll barely misses you. The troll claws you!
You die...

#.# #.# #.###.###.#
#.### #.#
#.#.....#.#########
....####.#
#..................
...>.....#
###.###############
.....##### #.#
.....# #.# .....#
#.# .(.).#
#########.#
...#.........ooT@.#
.###.##############
)# #.# .# #.. .# #
# .# .## .# ...##
.###....>#
..........


You could see a troll shaped shifter and 2 orcs.

Vanquished Creatures
  A bullfrog skeleton (D:2)
  2 adders
  2 worms (D:2)
  A leopard gecko (D:3)
  An orc (D:3)
  3 giant cockroaches
  4 goblins
  4 hobgoblins
  3 jackals (D:2)
  4 bats
  4 frilled lizards
  4 kobolds
  9 rats
42 creatures vanquished.

Vanquished Creatures (collateral kills)
  Crazy Yiuf (D:2)
  A worm (D:2)
  A bat (D:1)
  3 hobgoblins
  2 kobolds
  A ball python (D:1)
9 creatures vanquished.

Grand Total: 51 creatures vanquished

Notes
Turn   | Place    | Note
-------+----------+-------------------------------------------
     0 | D:1      | Lemonice the Barachi Summoner began the quest for the Orb.
     0 | D:1      | Reached XP level 1. HP: 13/13 MP: 3/3
    75 | D:1      | Reached skill level 5 in Summonings
   421 | D:1      | Reached XP level 2. HP: 16/19 MP: 3/5
  1006 | D:2      | Reached skill level 1 in Fighting
  1006 | D:2      | Reached XP level 3. HP: 8/26 MP: 1/6
  1233 | D:2      | Learned a level 2 spell: Call Imp
  1237 | D:2      | Learned a level 3 spell: Call Canine Familiar
  1301 | D:2      | Found a runed translucent door.
  1302 | D:2      | Noticed Crazy Yiuf
  1314 | D:2      | Killed Crazy Yiuf
  1697 | D:2      | Reached XP level 4. HP: 25/33 MP: 8/8
  2248 | D:3      | Noticed a shapeshifter
  2248 | D:3      | a kobold changed into a shapeshifter
  2248 | D:3      | Noticed a troll
  2248 | D:3      | a shapeshifter changed into a troll
  2251 | D:3      | Slain by a troll (shapeshifter)

Levels and vault maps discovered:
D:1:      lemuel_arrival_tunnels, layout_basic, chequers_serial_rivers_micro_b,
          minmay_tiny_reverse_x
D:2:      layout_basic, uniq_crazy_yiuf_cottage
D:3:      layout_loops_ring, eat_drink_and_be_merry_uskayaw

Skill      XL: |  1  2  3  4 |
---------------+-------------+-----
Summonings     | 5 |  5.6
Fighting       | 1 2 |  2.2
Dodging        | 3 |  3.1
Spellcasting   | 3 |  3.1
Stealth        | |  1.7
Unarmed Combat | |  0.2

Action                   |  1- 3 |  4- 6 || total
-------------------------+-------+-------++-------
Melee: Short sword       |    61 |       ||    61
       Unarmed           |    10 |       ||    10
       Quarterstaff      |    37 |    31 ||    68
 Cast: Summon Small Mamm |    19 |       ||    19
       Call Imp          |     1 |     1 ||     2
       Call Canine Famil |     1 |     1 ||     2
 Abil: Hop               |       |     1 ||     1
 Stab: Sleeping          |     2 |     2 ||     4
       Confused          |     1 |       ||     1
  Eat: Chunk             |     3 |     2 ||     5
Armor: Robe              |    19 |     6 ||    25
Dodge: Dodged            |    90 |    20 ||   110
